 Dungeon Crawl Stone Soup version 0.26.1-10-gdfb7c7de75 (webtiles) character file.

Game seed: 14288749787989078955

87 manyhoops the Ruffian (level 4, -2/38 HPs)
             Began as a Palentonga Transmuter on Apr 4, 2021.
             Hit by a boomerang thrown by an orc (7 damage)
             ... on level 3 of the Dungeon.
             The game lasted 00:03:27 (2874 turns).

manyhoops the Ruffian (Palentonga Transmuter)       Turns: 2874, Time: 00:03:28

Health: -2/38      AC:  5    Str: 14    XL:     4   Next: 28%
Magic:  7/7        EV: 10    Int: 14    God:
Gold:   107        SH:  0    Dex: 10    Spells: 4/7 levels left

rFire    . . .     SeeInvis +     - Unarmed
rCold    . . .     Faith    .   (no shield)
rNeg     . . .     Spirit   .   a - +0 robe
rPois    .         Reflect  .   l - +0 helmet
rElec    .         Harm     .   (no cloak)
rCorr    .         Rampage  .   (no gloves)
Will     .....                  (no barding)
Stlth    +.........             (no amulet)
HPRegen  0.12/turn              (no ring)
MPRegen  0.10/turn              (no ring)

@: no status effects
A: large, rugged brown scales 3, see invisible, deformed body, roll 1, armoured
tail
a: Rolling Charge


You were on level 3 of the Dungeon.
You visited 1 branch of the dungeon, and saw 3 of its levels.

You collected 107 gold pieces.

Inventory:

Armour
 a - a +0 robe (worn)
 l - a +0 helmet (worn)
Scrolls
 b - a scroll of enchant weapon {unknown}
 c - a scroll of teleportation {unknown}
 d - 2 scrolls of amnesia
 f - a scroll of blinking
 h - a scroll of immolation
 k - a scroll of remove curse {unknown}
Potions
 e - 2 potions of brilliance
 g - a potion of degeneration {unknown}
 i - a potion of flight {unknown}
 j - a potion of invisibility {unknown}


   Skills:
 * Level 2.2 Fighting
 - Level 1.5 Dodging
 + Level 4.6 Unarmed Combat
 - Level 2.0 Spellcasting
 - Level 2.0 Transmutations


You had 4 spell levels left.
You knew the following spells:

 Your Spells              Type           Power        Failure   Level
a - Beastly Appendage     Tmut           14%          11%         1
b - Wereblood             Tmut           7%           16%         2

Your spell library contained the following spells:

 Spells                   Type           Power        Failure   Level
 Magic Dart               Conj           4%           24%         1
 Blink                    Tloc           N/A          34%         2
 Call Imp                 Summ           1%           34%         2
 Slow                     Hex            1%           34%         2
 Spider Form              Tmut/Pois      2%           43%         3
 Conjure Flame            Conj/Fire      1%           56%         3
 Mephitic Cloud           Conj/Pois/Air  1%           56%         3
 Ice Form                 Ice/Tmut       4%           83%         4
 Blade Hands              Tmut           3%           96%         5


Dungeon Overview and Level Annotations

Branches:
Dungeon (3/15)

Altars:
Sif Muna
The Shining One


Innate Abilities, Weirdness & Mutations

You are completely covered in rugged brown scales. (AC +3, +7% HP)
You have supernaturally acute eyesight. (SInv)
Armour fits poorly on your strangely shaped body.
You can roll at nearby foes to attack.
You have a long armoured tail.


Message History

Okay, then.
Okay, then.
The orc throws a boomerang.
The boomerang closely misses you.
The weapon returns to the orc!
The orc wizard casts a spell at itself.
The orc wizard flickers and vanishes for a moment.
The orc throws a boomerang.
The boomerang misses you.
The weapon returns to the orc!
The orc throws a boomerang.
The boomerang closely misses you.
The weapon returns to the orc!
The orc wizard casts a spell at you. The puff of flame hits you.
* * * LOW HITPOINT WARNING * * *
The orc throws a boomerang.
The boomerang hits you.
* * * LOW HITPOINT WARNING * * *
The weapon returns to the orc!
Your horns disappear.
Your talons disappear.
Your +0 helmet unmelds from your body.
The orc throws a boomerang.
The boomerang hits you!
You die...

..............#...........
####.######.############..
......[...............
#.######.........######
#.#....#.........#.....
###.#....#.........#.####
......................>.
#.#....#...........#..#
#.....@########.......# .
#......# .........##
..#..##.###.# ......###..
...........?# ...........
..##....#................
........#......#.........
#..#..)o#......#.........
## #.##o#.o..###.........
... #.#....# #.........


You could see 2 orcs.

Vanquished Creatures
  3 adders
  A shadow imp (D:3)
  2 dart slugs (D:1)
  A leopard gecko (D:2)
  3 orcs (D:3)
  4 giant cockroaches
  6 goblins
  5 hobgoblins
  8 kobolds
  7 bats
  2 frilled lizards
  5 rats
47 creatures vanquished.

Vanquished Creatures (others)
  A rat (D:1)
1 creature vanquished.

Grand Total: 48 creatures vanquished

Notes
Turn   | Place    | Note
-------+----------+-------------------------------------------
     0 | D:1      | manyhoops the Palentonga Transmuter began the quest for the
                  | Orb.
     0 | D:1      | Reached XP level 1. HP: 17/17 MP: 3/3
   158 | D:1      | Reached XP level 2. HP: 13/24 MP: 5/5
   478 | D:1      | Learned a level 2 spell: Wereblood
   969 | D:1      | Reached XP level 3. HP: 31/31 MP: 6/6
  1323 | D:1      | Reached skill level 4 in Unarmed Combat
  1992 | D:2      | Found a shimmering blue altar of Sif Muna.
  1994 | D:2      | Found a glowing golden altar of the Shining One.
  2358 | D:3      | HP: 1/31 [poisoned by an adder]
  2369 | D:3      | Reached XP level 4. HP: 23/38 MP: 7/7
  2874 | D:3      | Hit by a boomerang thrown by an orc

Illustrated notes

Levels and vault maps discovered:
D:1:      tarquinn_simple_flora_water_f, layout_basic, lemuel_old_faithful
D:2:      layout_basic, grunt_temple_overflow_open
D:3:      layout_basic, gammafunk_ghost_nasty_kobolds,
          nicolae_dithmenos_through_a_glass_darkly

Skill      XL: |  1  2  3 |
---------------+----------+-----
Unarmed Combat | 4 |  4.6
Fighting       | 2 |  2.2
Dodging        | |  1.5
Spellcasting   | |  2.0
Transmutations | |  2.0

Action                   |  1- 3 |  4- 6 || total
-------------------------+-------+-------++-------
Melee: Unarmed           |   137 |    20 ||   157
       Kick              |    11 |       ||    11
       Punch             |     1 |       ||     1
       Tailslap          |     5 |     1 ||     6
       Headbutt          |     3 |     1 ||     4
 Cast: Beastly Appendage |    18 |     1 ||    19
  Use: Scroll            |     5 |       ||     5
       Potion            |     4 |       ||     4
Armor: Robe              |    46 |     2 ||    48
Dodge: Dodged            |    86 |     8 ||    94
